 Dungeon Crawl Stone Soup version 0.25.1-2-g60ff931df9 (webtiles) character file.

Game seed: 14038173995900444828

44 hrogart the Chopper (level 3, 0/33 HPs)
             Began as a Hill Orc Berserker on Sept 7, 2020.
             Was a Follower of Trog.
             Slain by an orc
             ... wielding a +0 hand axe
              (1 damage)
             ... on level 2 of the Dungeon.
             The game lasted 00:02:46 (1307 turns).

hrogart the Chopper (Hill Orc Berserker)            Turns: 1307, Time: 00:02:47

Health: 0/33       AC:  5    Str: 20    XL:     3   Next: 62%
Magic:  3/3        EV: 11    Int:  7    God:    Trog [*.....]
Gold:   107        SH:  0    Dex: 10    Spells: 2/2 levels left

rFire    . . .     SeeInvis .   a - +0 hand axe
rCold    . . .     Gourm    .   (no shield)
rNeg     . . .     Faith    .   h - +0 ring mail (curse)
rPois    .         Spirit   .   (no helmet)
rElec    .         Reflect  .   (no cloak)
rCorr    .         Harm     .   (no gloves)
MR       .....                  (no boots)
Stlth    ..........             (no amulet)
HPRegen  0.11/turn              (no ring)
MPRegen  0.08/turn              (no ring)

@: no status effects
A: no striking features
a: Berserk, Renounce Religion


You were on level 2 of the Dungeon.
You worshipped Trog.
Trog was aware of your devotion.
You were very hungry.

You visited 1 branch of the dungeon, and saw 2 of its levels.

You collected 107 gold pieces.

Inventory:

Hand Weapons
 a - a +0 hand axe (weapon)
Armour
 h - a cursed +0 ring mail (worn)
   (You found it on level 1 of the Dungeon)
Jewellery
 i - an uncursed ring of wizardry {unknown}
   (You found it on level 1 of the Dungeon)
Scrolls
 c - a scroll of blinking {unknown}
 d - a scroll of enchant armour {unknown}
 f - 2 scrolls of remove curse {unknown}
 g - a scroll of fog {unknown}
 k - a scroll of teleportation {unknown}
Potions
 b - a potion of magic {unknown}
 j - a potion of stabbing {unknown}
 l - a potion of mutation {unknown}
Comestibles
 e - 3 rations {!d}


   Skills:
 + Level 4.0 Fighting
 * Level 4.9 Axes
 + Level 2.7 Armour
 + Level 2.0 Dodging


You had 2 spell levels left.
You didn't know any spells.
Your spell library was empty.

Dungeon Overview and Level Annotations

Branches:
Dungeon (2/15)

Altars:


Message History

Found a plate armour.
An orc comes into view. It is wielding a +0 hand axe.
An orc wizard comes into view. It is wielding a +0 dagger.
The orc wizard shouts!
You hear a shout!
The orc wizard gestures wildly while chanting.
The orc wizard flickers and vanishes!
Deactivating autopickup; reactivate with Ctrl-A.
A goblin and an orc come into view.
The orc shouts!
The goblin shouts!
You hear a shout!
Found a stone staircase leading down.
You hit the orc. The orc closely misses you.
You barely miss the orc.
A magic dart appears from out of thin air!
The magic dart hits you. 2 orcs come into view.
The orc shouts!
The orc closely misses you.
You hit the goblin but do no damage. You hit the orc. The orc misses you.
You hit the goblin.
You kill the goblin!
Trog accepts your kill.
Your Dodging skill increases to level 2!
You hit the orc but do no damage. You hit the orc.
You kill the orc!
Trog accepts your kill.
You hit the orc. Something hits you. The orc closely misses you.
The orc completely misses you.
Found 17 stones.
You hit the orc but do no damage. You miss something. You hit the orc. x2
You hear some strange, mumbled words.
A puff of frost appears from out of thin air!
The puff of frost hits you! The orc hits you with a +0 hand axe.
* * * LOW HITPOINT WARNING * * *
Something hits you but does no damage. The orc misses you. x2
You hit something. You hit the orc but do no damage. You barely miss the orc.
You hit the orc but do no damage. Something hits you but does no damage.
The orc hits you with a +0 hand axe!
* * * LOW HITPOINT WARNING * * *
The orc hits you but does no damage. The orc closely misses you.
You closely miss something. You barely miss the orc.
You completely miss the orc. You hit the orc.
You hear some strange, mumbled words.
A puff of flame appears from out of thin air!
The puff of flame hits you!
* * * LOW HITPOINT WARNING * * *
The orc hits you with a +0 hand axe.
You die...

#.# .#..(
..## #.#
.......>
#.#
###...#..#
#.#
........#
#.#
####...#..#
#.#
#.......[.#
#.#
......oo..#
#.#
#......@o.#
###.###
####..{#..#
#.....#
#...)..#
#.###.#
#......#
#.# #.#
.....#.###
#.###.#
####.#.#
#.....#
#.#.#
###.###
#.#.# #.#
#.# #.#


You could see 3 orcs.

Vanquished Creatures
  An adder (D:2)
  An ooze (D:2)
  2 dart slugs (D:1)
  A leopard gecko (D:1)
  An orc (D:2)
  4 goblins
  4 hobgoblins
  4 kobolds
  4 bats (D:1)
  A frilled lizard (D:1)
  A rat (D:1)
24 creatures vanquished.

Notes
Turn   | Place    | Note
-------+----------+-------------------------------------------
     0 | D:1      | hrogart the Hill Orc Berserker began the quest for the Orb.
     0 | D:1      | Reached XP level 1. HP: 19/19 MP: 1/1
   296 | D:1      | Reached XP level 2. HP: 27/27 MP: 2/2
  1010 | D:2      | Reached XP level 3. HP: 32/33 MP: 3/3
  1307 | D:2      | HP: 1/33 [something/puff of flame (8)]
  1307 | D:2      | Slain by an orc

Illustrated notes

Levels and vault maps discovered:
D:1:      dpeg_arrival_arbitrary_c, layout_basic
D:2:      kennysheep_six_static_rooms, layout_loops_ring, first_ration,
          due_unseen_surprise

Skill      XL: |  1  2  3 |
---------------+----------+-----
Fighting       | 4 |  4.0
Dodging        | 2 |  2.0
Axes           | |  4.9
Armour         | |  2.7

Action                   || total
-------------------------++-------
Melee: Hand axe          ||    70
Armor: Animal skin       ||     3
       Ring mail         ||    11
Dodge: Dodged            ||    51
